[Event "Late Titled Tuesday Blitz February 8 2022"]
[White "Romanchuk, Viktor"]
[Black "Karas, Marek"]
[WhiteFideId "14109271"]
[BlackFideId "14928558"]
[WhiteElo "2242"]
[BlackElo "2270"]
[Result "0-1"]
[Round "09"]
[TimeControl "180+1"]
[Date "2022.02.09"]
[WhiteClock "0:00:01"]
[BlackClock "0:00:12"]

1. d4 Nf6 2. c4 c5 3. d5 b5 4. cxb5 a6 5. bxa6 e6 6. Nc3 exd5 7. Nxd5 Nxd5 8. Qxd5 Nc6 9. Nf3 Bxa6 10. g3 Be7 11. Bg2 Nb4 12. Qd1 O-O 13. O-O d5 14. Be3 d4 15. Bd2 Qb6 16. Ne5 Rad8 17. Bxb4 cxb4 18. Nc6 Rd7 19. Nxe7+ Rxe7 20. Re1 Rfe8 21. Bf3 d3 22. e3 Rc7 23. Rc1 Rxc1 24. Qxc1 Rc8 25. Qb1 Rc2 26. Rc1 Qf6 27. Kg2 Bb7 28. Bxb7 Qxf2+ 29. Kh3 Qxh2+ 30. Kg4 h5+ 31. Kf4 h4 32. Rxc2 dxc2 33. Qc1 Qxg3+ 34. Kf5 Qf2+ 35. Ke5 Qf6+ 36. Ke4 Qe7+ 37. Kf4 Qxb7 38. Qxc2 Qe7 39. Qc8+ Kh7 40. Qg4 Qf6+ 0-1


[Site "https://www.chess.com"]

[Event "Late Titled Tuesday Blitz February 8 2022"]
[White "Rudykh, Stepan"]
[Black "Lopez Del Alamo, Antonio"]
[WhiteFideId "4180321"]
[BlackFideId "2227339"]
[WhiteElo "2152"]
[BlackElo "2082"]
[Result "0-1"]
[Round "09"]
[TimeControl "180+1"]
[Date "2022.02.09"]
[WhiteClock "0:00:05"]
[BlackClock "0:00:19"]

1. e4 c5 2. Nf3 e6 3. d4 cxd4 4. Nxd4 Nf6 5. Bd3 Nc6 6. Nxc6 dxc6 7. O-O e5 8. f4 Bc5+ 9. Kh1 Ng4 10. h3 Qh4 11. Qf3 Nf2+ 12. Kh2 h5 13. fxe5 Ng4+ 14. Kh1 Nxe5 15. Qf4 Qxf4 16. Bxf4 Nxd3 17. cxd3 Be6 18. Nc3 Rd8 19. Rad1 f6 20. a3 Ke7 21. Rfe1 Rd7 22. Be3 Bxe3 23. Rxe3 Rhd8 24. Ne2 g5 25. d4 Bc4 26. e5 Bxe2 27. Rxe2 Rxd4 28. exf6+ Kxf6 29. Rf1+ Rf4 30. Rxf4+ gxf4 31. Kg1 Rd3 32. Kf2 Rb3 33. Rd2 Kf5 34. Ke2 a5 35. Kd1 a4 36. Kc2 Ke4 37. Re2+ Re3 38. Rd2 Rg3 39. Re2+ Kd5 40. Rd2+ Kc5 41. Rf2 b5 42. Kd2 f3 43. Rxf3 Rxg2+ 44. Kc3 h4 45. Rf5+ Kb6 46. Rh5 Rg3+ 47. Kc2 Rxh3 48. Kb1 Rh2 49. Rh6 h3 50. Rh5 Rh1+ 51. Ka2 h2 52. Rh4 Kc5 53. Rh5+ Kd4 54. Rh4+ Ke3 55. Rh3+ Kf2 56. Rh6 Ke3 57. Re6+ Kd4 58. Rd6+ Kc5 59. Rh6 Kb6 60. Rh5 c5 61. Rh6+ Ka5 62. Rh5 c4 63. Rh8 b4 64. Ra8+ Kb6 65. Rb8+ Kc6 0-1


[Site "https://www.chess.com"]

[Event "Late Titled Tuesday Blitz February 8 2022"]
[White "Rudzinska, Michalina"]
[Black "Gerbelli Neto, Eduardo"]
[WhiteFideId "1172883"]
[BlackFideId "2103281"]
[WhiteElo "1904"]
[BlackElo "2178"]
[Result "0-1"]
[Round "09"]
[TimeControl "180+1"]
[Date "2022.02.09"]
[WhiteClock "0:00:36"]
[BlackClock "0:00:12"]

1. e4 e5 2. Nf3 Nc6 3. Nc3 Nf6 4. a4 Bb4 5. Bd3 d6 6. O-O Bg4 7. Nd5 Ba5 8. c3 a6 9. b4 Bb6 10. a5 Ba7 11. Rb1 Ne7 12. Nxf6+ gxf6 13. h3 Bh5 14. Be2 Rg8 15. Nh4 Bg6 16. Nxg6 Nxg6 17. d4 Qd7 18. f4 Nxf4 19. Bxf4 Qxh3 20. Bf3 exf4 21. e5 O-O-O 22. exf6 Rg3 23. b5 Rdg8 24. Qe2 axb5 25. Rxb5 c6 26. Rh5 Qd7 27. Rxh7 c5 28. Qe7 cxd4 29. Qxd7+ Kxd7 30. Rxf7+ Ke6 31. Rxb7 Bc5 32. c4 d3+ 33. Rf2 Rxf3 34. f7 Bxf2+ 35. Kf1 Be3+ 36. Ke1 Rxg2 37. f8=N+ Kf5 38. Rf7+ Ke4 39. Re7+ Kd4 40. Ne6+ Kxc4 41. Rc7+ Kd5 0-1


[Site "https://www.chess.com"]

[Event "Late Titled Tuesday Blitz February 8 2022"]
[White "Rustemov, Alexander"]
[Black "Yoo, Christopher Woojin"]
[WhiteFideId "4119002"]
[BlackFideId "30909694"]
[WhiteElo "2828"]
[BlackElo "2105"]
[Result "1/2-1/2"]
[Round "09"]
[TimeControl "180+1"]
[Date "2022.02.08"]
[WhiteClock "0:00:18"]
[BlackClock "0:00:08"]

1. d4 Nf6 2. c4 e6 3. Nf3 d5 4. cxd5 exd5 5. Nc3 h6 6. Bf4 Bd6 7. Bxd6 Qxd6 8. e3 O-O 9. Bd3 Bg4 10. h3 Bxf3 11. Qxf3 Nbd7 12. O-O Rfe8 13. Rfc1 c6 14. Rab1 a5 15. a3 Nf8 16. b4 axb4 17. axb4 Ne6 18. Qd1 Ra3 19. b5 c5 20. dxc5 Nxc5 21. Be2 Nce4 22. Nxe4 Nxe4 23. Qd4 Ra2 24. Rb2 Rxb2 25. Qxb2 Nc5 26. Rd1 Qe5 27. Qd4 Ne4 28. Qxe5 Rxe5 29. Rc1 Kf8 30. Bf3 Nd6 31. b6 d4 32. exd4 Rb5 33. Bxb7 Rxb6 34. Bf3 Rb4 35. d5 Ke7 36. g3 g6 37. h4 h5 38. Rc7+ Kf6 39. Rd7 Ke5 40. Re7+ Kf6 41. Rd7 Nf5 42. Rc7 Rb2 43. Rc6+ Ke5 44. Rc7 Kf6 45. Be4 Nd6 46. Bf3 Nf5 1/2-1/2


[Site "https://www.chess.com"]

[Event "Late Titled Tuesday Blitz February 8 2022"]
[White "Sarana, Alexey"]
[Black "Sviridov, Valery"]
[WhiteFideId "24133795"]
[BlackFideId "4120680"]
[WhiteElo "2665"]
[BlackElo "2454"]
[Result "0-1"]
[Round "09"]
[TimeControl "180+1"]
[Date "2022.02.08"]
[WhiteClock "0:00:04"]
[BlackClock "0:00:46"]

1. d4 g6 2. e4 Bg7 3. Nc3 d6 4. f4 a6 5. Nf3 b5 6. Bd3 Bb7 7. a4 b4 8. Ne2 c5 9. c3 bxc3 10. bxc3 cxd4 11. cxd4 Nf6 12. Ng3 O-O 13. O-O a5 14. e5 dxe5 15. dxe5 Nd5 16. Qb3 Nb4 17. Bc4 N8a6 18. Be3 e6 19. Rad1 Qe7 20. Rd6 Rac8 21. Rfd1 Bxf3 22. gxf3 Nc5 23. Bxc5 Rxc5 24. Ne4 Rc7 25. Bxe6 Qh4 26. Bg4 Rc2 27. R6d2 Rxd2 28. Rxd2 h5 29. Bd7 Qxf4 30. e6 fxe6 31. Qxe6+ Kh7 32. Qh3 Qe3+ 33. Kg2 Nd3 34. Qg3 Ne1+ 35. Kh1 Nxf3 36. Bc6 Qf4 37. Qxf4 Rxf4 38. Rd7 Kh6 39. Rd6 Ne5 40. Re6 Nxc6 0-1


[Site "https://www.chess.com"]

[Event "Late Titled Tuesday Blitz February 8 2022"]
[White "Sargsyan, Anna M."]
[Black "Erdogdu, Mert"]
[WhiteFideId "13308130"]
[BlackFideId "6301495"]
[WhiteElo "2271"]
[BlackElo "2485"]
[Result "1-0"]
[Round "09"]
[TimeControl "180+1"]
[Date "2022.02.08"]
[WhiteClock "0:01:07"]
[BlackClock "0:00:21"]

1. e4 c5 2. Nf3 d6 3. Bb5+ Nc6 4. O-O Bd7 5. Re1 Nf6 6. c3 a6 7. Ba4 b5 8. Bc2 e5 9. d3 Be7 10. Nbd2 O-O 11. Nf1 Re8 12. h3 Bf8 13. Ng3 g6 14. Be3 d5 15. Qd2 d4 16. Bh6 Bg7 17. Bxg7 Kxg7 18. Nh2 Rc8 19. f4 exf4 20. Qxf4 Qc7 21. Qf2 Qe5 22. Nf3 Qf4 23. Rf1 Ne5 24. Qe1 Nxf3+ 25. Rxf3 Qe5 26. Qf2 Be6 27. Rf1 Nd7 28. Rxf7+ Bxf7 29. Qxf7+ Kh8 30. Qxd7 Qxg3 31. Rf7 Qh4 32. cxd4 cxd4 33. Qxd4+ 1-0


[Site "https://www.chess.com"]

[Event "Late Titled Tuesday Blitz February 8 2022"]
[White "Sevian, Samuel"]
[Black "Moroni, Luca Jr"]
[WhiteFideId "2040506"]
[BlackFideId "865834"]
[WhiteElo "2698"]
[BlackElo "2573"]
[Result "1/2-1/2"]
[Round "09"]
[TimeControl "180+1"]
[Date "2022.02.08"]
[WhiteClock "0:00:25"]
[BlackClock "0:00:11"]

1. d4 d6 2. e4 e5 3. Nf3 exd4 4. Nxd4 Nf6 5. Nc3 Be7 6. Bf4 O-O 7. Qd2 d5 8. Ndb5 c6 9. Nc7 Bb4 10. Nxa8 Nxe4 11. Qd3 Bf5 12. a3 Re8 13. Be3 Ng3 14. hxg3 Bxd3 15. Bxd3 Bxc3+ 16. bxc3 h6 17. Rb1 Nd7 18. Rxb7 Nc5 19. Rb4 Nxd3+ 20. cxd3 Qxa8 21. O-O Qc8 22. Rfb1 Qa6 23. Rg4 Qxd3 24. Rgb4 Qxc3 25. Rb7 Rxe3 26. fxe3 Qxe3+ 27. Kh2 Qxa3 28. Rf1 a5 29. Rf3 Qa1 30. Rfxf7 a4 31. Ra7 c5 32. Rfd7 Qe5 33. Re7 Qh5+ 34. Kg1 Qg5 35. Red7 c4 36. Rxa4 Qxg3 37. Rxd5 c3 38. Rc4 Qe3+ 39. Kh1 Qe1+ 40. Kh2 c2 41. Rdc5 c1=Q 42. Rxc1 Qh4+ 43. Kg1 Qg4 44. R5c4 Qe6 45. R4c2 Qe3+ 46. Kh1 Kh7 47. Rf1 Qg5 48. Rc3 Qh4+ 49. Rh3 Qd4 50. Rhf3 Qe5 51. Rf5 Qe4 52. R5f4 Qe5 53. Rh4 Qe7 54. Rh3 Qe2 55. Kg1 Qe5 56. Rd3 Qe4 57. Rdf3 Qe5 58. R1f2 Qc5 59. g3 Qd6 60. Kh2 Qd5 61. Rf5 Qe6 62. Rf7 Qe5 63. R7f4 Qe6 64. Rd4 Qe5 65. Rfd2 Qh5+ 66. Rh4 Qe5 67. Rf4 Qh5+ 68. Kg2 Qe5 69. Kf2 Qc5+ 70. Ke2 Qe5+ 71. Kf1 Qe3 72. Rg2 Qc1+ 73. Kf2 Qd2+ 74. Kg1 Qd1+ 75. Kh2 Qh5+ 76. Rh4 Qe5 77. Ra2 Qd5 78. Rc2 Qe5 79. Rhc4 Qh5+ 80. Kg1 Qd5 81. R4c3 Qd4+ 82. Kg2 Qe5 83. Rf3 Qd5 84. Rf2 Qe5 85. Rf5 Qe4+ 86. Kh2 Qc6 87. Rf7 Qd5 88. Rc7 Qh5+ 89. Kg2 Qd5+ 90. Rf3 Qd2+ 91. Kh3 Qd5 92. Rff7 Qh5+ 93. Kg2 Qe2+ 94. Kg1 Qe1+ 95. Kh2 Qe2+ 96. Kh1 Qe1+ 97. Kg2 Qe2+ 98. Rf2 Qe4+ 99. Kh2 Qe5 100. Rcf7 Qh5+ 101. Kg1 Qd5 102. R7f5 Qd6 103. Kh2 Qe6 104. Rb5 Qe3 105. Rfb2 Qd3 106. Rb7 Qf5 107. R7b5 Qf6 108. Rg2 Qe6 109. Rbb2 1/2-1/2


[Site "https://www.chess.com"]

[Event "Late Titled Tuesday Blitz February 8 2022"]
[White "Shahade, Gregory"]
[Black "Borisova, Ekaterina"]
[WhiteFideId "2009064"]
[BlackFideId "34124184"]
[WhiteElo "2666"]
[BlackElo "2034"]
[Result "1-0"]
[Round "09"]
[TimeControl "180+1"]
[Date "2022.02.09"]
[WhiteClock "0:00:07"]
[BlackClock "0:00:02"]

1. e4 c6 2. Nc3 d5 3. Nf3 dxe4 4. Nxe4 Nf6 5. Qe2 Nxe4 6. Qxe4 Qa5 7. Bc4 Bf5 8. Qe2 Nd7 9. O-O Bg4 10. h3 Bxf3 11. Qxf3 Ne5 12. Qb3 Nxc4 13. Qxc4 e6 14. b3 Ba3 15. b4 Qxb4 16. Qxb4 Bxb4 17. Rb1 Bc5 18. Rxb7 Rf8 19. Rc7 Bb6 20. Rxc6 Kd7 21. Rc3 Rfc8 22. Bb2 f6 23. Rg3 Rg8 24. Re1 Rac8 25. Rd3+ Ke7 26. Ba3+ Kf7 27. Rd7+ Kg6 28. c3 e5 29. Kf1 Rgd8 30. Rxd8 Rxd8 31. Ke2 Rd5 32. Rb1 Ra5 33. Rb3 Kf5 34. f3 h5 35. Bf8 Rxa2 36. Bxg7 Ra1 37. g4+ Kg6 38. Bf8 h4 39. c4 Bd4 40. Rb7 Rh1 41. Rg7+ Kh6 42. Rd7+ Kg5 43. c5 Rxh3 44. c6 Rh1 45. Bc5 Rc1 46. Bxd4 exd4 47. c7 h3 48. Rh7 Kf4 49. Rh6 Ke5 50. Kd3 Rxc7 51. Rxh3 a5 52. Rh5+ Kf4 53. Rxa5 Kxf3 54. Rf5+ Kxg4 55. Rxf6 Rd7 56. Rf1 Kg5 57. Rf3 Kg4 58. Rf8 Kg5 59. Ke4 d3 60. Rf3 Kg6 61. Rxd3 Re7+ 62. Kd5 Kf6 63. Rf3+ Kg6 64. d4 Rd7+ 65. Kc5 Rc7+ 66. Kd6 Rc1 67. d5 Kg7 68. Kd7 Rd1 69. d6 Rc1 70. Kd8 Ra1 71. d7 Ra8+ 72. Ke7 Ra7 73. Rg3+ Kh7 74. Ke8 Ra5 75. d8=Q Re5+ 76. Qe7+ Kh6 77. Qxe5 1-0


[Site "https://www.chess.com"]

[Event "Late Titled Tuesday Blitz February 8 2022"]
[White "Shoker, Samy"]
[Black "Riehle, Marco"]
[WhiteFideId "627143"]
[BlackFideId "12904392"]
[WhiteElo "2493"]
[BlackElo "2462"]
[Result "1-0"]
[Round "09"]
[TimeControl "180+1"]
[Date "2022.02.08"]
[WhiteClock "0:00:39"]
[BlackClock "0:00:42"]

1. Nf3 Nf6 2. g3 d5 3. Bg2 c5 4. c4 Nc6 5. cxd5 Nxd5 6. Nc3 Nc7 7. O-O e5 8. a3 Be6 9. b4 f6 10. bxc5 Bxc5 11. Rb1 Rb8 12. e3 O-O 13. Re1 Qd7 14. Bb2 Rfd8 15. Qc2 Rbc8 16. Rbd1 Qf7 17. Rc1 Bf8 18. Qb1 Nd5 19. Ne4 Na5 20. Rxc8 Rxc8 21. d4 exd4 22. Nxd4 Bd7 23. Rc1 Qe8 24. Qa2 Rxc1+ 25. Bxc1 Bc6 26. Nxf6+ gxf6 27. Bxd5+ Kh8 28. Nxc6 Nxc6 29. Bb2 Bg7 30. Qc4 h6 31. Qe4 Qd7 32. Qe6 Qd8 33. Bxc6 bxc6 34. Qxc6 a5 35. Bd4 Qe7 36. a4 Qb4 37. Bxf6 Bxf6 38. Qxf6+ Kg8 39. Qg6+ Kf8 40. Qxh6+ Kg8 41. Qg5+ Kh7 42. Qh4+ Kg7 43. Kg2 Qb7+ 44. e4 Qf7 45. Qg5+ Kh7 46. Qf5+ Kg7 47. Qxf7+ Kh8 48. Qd5 1-0


[Site "https://www.chess.com"]

[Event "Late Titled Tuesday Blitz February 8 2022"]
[White "Song, Guannan Terry"]
[Black "Moore, Nicholas"]
[WhiteFideId "2614189"]
[BlackFideId "4303709"]
[WhiteElo "2115"]
[BlackElo "2317"]
[Result "1-0"]
[Round "09"]
[TimeControl "180+1"]
[Date "2022.02.09"]
[WhiteClock "0:00:15"]
[BlackClock "0:00:03"]

1. e4 c5 2. Nc3 e6 3. f4 d5 4. Nf3 dxe4 5. Nxe4 Nf6 6. Nf2 b6 7. g3 Bb7 8. Bg2 Nc6 9. b3 Be7 10. Bb2 O-O 11. O-O Qd7 12. Nd3 Rad8 13. Nde5 Nxe5 14. Nxe5 Qc7 15. Qe2 Bxg2 16. Qxg2 Nd5 17. a3 Bf6 18. Rae1 Ne7 19. g4 Bxe5 20. Bxe5 Qd7 21. Bc3 Qd5 22. Qg3 Nc6 23. f5 exf5 24. Rxf5 Qd6 25. Qf2 Nd4 26. Bxd4 Qxd4 27. Rf4 Qxd2 28. Re2 Qd1+ 29. Kg2 Qd5+ 30. Kg3 Rd7 31. Rfe4 Qd6+ 32. Kg2 Qg6 33. h3 f5 34. Re6 Qg5 35. Re8 Rf7 36. Qe3 Qxe3 37. R2xe3 f4 38. R3e7 g5 39. Kf3 Rxe7 40. Rxe7 Rf7 41. Re6 Kg7 42. Rd6 Re7 43. Rd3 Kf6 44. a4 Ke6 45. h4 h6 46. Rd8 Kf6 47. Rd6+ Kg7 48. hxg5 hxg5 49. Rd5 Re3+ 50. Kf2 Kf6 51. Rf5+ Kg6 52. Rd5 Rg3 53. Rd7 Rxg4 54. Rxa7 Rg3 55. Ra6 Rc3 56. a5 Rxc2+ 57. Ke1 Kf5 58. axb6 Rb2 59. Ra3 Rh2 60. b7 Rh8 61. Ra8 Rh1+ 62. Kd2 Rh2+ 63. Kc3 Rh3+ 64. Kc4 Rxb3 65. Kxb3 1-0


[Site "https://www.chess.com"]

[Event "Late Titled Tuesday Blitz February 8 2022"]
[White "Stanisz, Patryk"]
[Black "Golubovskis, Maksims"]
[WhiteFideId "1123106"]
[BlackFideId "11608528"]
[WhiteElo "1876"]
[BlackElo "2066"]
[Result "1-0"]
[Round "09"]
[TimeControl "180+1"]
[Date "2022.02.09"]
[WhiteClock "0:00:13"]
[BlackClock "0:00:05"]

1. c4 c5 2. Nf3 Nf6 3. g3 d5 4. cxd5 Nxd5 5. Bg2 Nc6 6. O-O e5 7. d3 Be7 8. Nc3 Nc7 9. b3 Be6 10. Bb2 O-O 11. Rc1 f6 12. Na4 Na6 13. Ba3 Ncb4 14. Qd2 Rc8 15. Rfd1 b5 16. Nc3 Qd7 17. Bb2 Nd5 18. Nxd5 Bxd5 19. Qa5 Nb4 20. a4 Bxb3 21. axb5 Bxd1 22. Rxd1 Rb8 23. Ra1 Rxb5 24. Qa4 Rfb8 25. Nd2 Qe8 26. Qxa7 Nxd3 27. exd3 Rxb2 28. Nc4 Rc2 29. Bd5+ Kh8 30. Ra2 Rc3 31. Qc7 Rxd3 32. Be4 Rd1+ 33. Kg2 Bd6 34. Nxd6 Qe6 35. Nf7+ Kg8 36. Qxb8+ Kxf7 37. Ra7+ Rd7 38. Rxd7+ Qxd7 39. Qb3+ Ke7 40. Qd5 Qxd5 41. Bxd5 Kd6 42. Bc4 Kc6 43. Kf3 Kb6 44. Ke3 Ka5 45. Kd3 Kb4 46. Bg8 h6 47. Be6 g5 48. h4 gxh4 49. gxh4 h5 50. Bc4 Ka3 51. Bf7 Kb4 52. Be6 e4+ 53. Kxe4 c4 54. Bxc4 Kxc4 55. Kf5 Kd3 56. Kxf6 Ke2 57. Kg5 Kxf2 58. Kxh5 Kf3 59. Kg6 Kf4 60. h5 1-0


[Site "https://www.chess.com"]

[Event "Late Titled Tuesday Blitz February 8 2022"]
[White "Stoleriu, George"]
[Black "Kosakowski, Jakub"]
[WhiteFideId "1227505"]
[BlackFideId "1185080"]
[WhiteElo "2203"]
[BlackElo "2476"]
[Result "0-1"]
[Round "09"]
[TimeControl "180+1"]
[Date "2022.02.08"]
[WhiteClock "0:00:16"]
[BlackClock "0:00:53"]

1. e4 e5 2. Nf3 Nf6 3. Nxe5 d6 4. Nf3 Nxe4 5. c4 Be7 6. Nc3 Nxc3 7. dxc3 O-O 8. Bd3 Nd7 9. O-O Nf6 10. h3 Re8 11. Re1 h6 12. Be3 Be6 13. Nd4 Bf8 14. Qf3 c6 15. Rad1 Nd7 16. Bf4 Qf6 17. Qg3 Nc5 18. Bf1 Rad8 19. Nxe6 Nxe6 20. Bxd6 Bxd6 21. Rxd6 Rxd6 22. Qxd6 Rd8 23. Qg3 Rd2 24. Re2 Rd1 25. Qb8+ Kh7 26. Qe5 Nf4 27. Re1 Qxe5 28. Rxe5 Nd3 29. g3 Nxe5 0-1


[Site "https://www.chess.com"]

[Event "Late Titled Tuesday Blitz February 8 2022"]
[White "Svane, Rasmus"]
[Black "Sadhwani, Raunak"]
[WhiteFideId "4657101"]
[BlackFideId "35093487"]
[WhiteElo "2645"]
[BlackElo "2616"]
[Result "1-0"]
[Round "09"]
[TimeControl "180+1"]
[Date "2022.02.08"]
[WhiteClock "0:00:07"]
[BlackClock "0:00:11"]

1. Nf3 d5 2. g3 Nc6 3. d4 Bf5 4. Bg2 Nb4 5. Na3 e6 6. O-O Be7 7. c3 Nc6 8. Qb3 Rb8 9. Re1 Nf6 10. Bg5 O-O 11. Bxf6 Bxf6 12. Nd2 Be7 13. e4 dxe4 14. Nxe4 a6 15. Nc4 b5 16. Ne3 Bg6 17. Rad1 Na5 18. Qc2 c6 19. Qe2 Nb7 20. h4 h6 21. Ng4 Bh5 22. Nxh6+ gxh6 23. Qxh5 Kg7 24. Nc5 Nxc5 25. dxc5 Qc7 26. Rd4 Rh8 27. Rg4+ Kf8 28. Rf4 Rh7 29. Bh3 Kg8 30. Bxe6 fxe6 31. Rxe6 Bf8 32. Rg6+ Bg7 33. Qf3 Rc8 34. Rff6 Qd7 35. Rxc6 Rf8 36. Qe2 Kh8 37. Rcd6 Qf5 38. c6 Be5 39. Rde6 Bc7 40. Qe3 Bd8 41. Qd4+ 1-0


[Site "https://www.chess.com"]

[Event "Late Titled Tuesday Blitz February 8 2022"]
[White "Taichman, Ori"]
[Black "Kosteniuk, Alexandra"]
[WhiteFideId "2804069"]
[BlackFideId "4128125"]
[WhiteElo "2227"]
[BlackElo "2469"]
[Result "1-0"]
[Round "09"]
[TimeControl "180+1"]
[Date "2022.02.08"]
[WhiteClock "0:00:05"]
[BlackClock "0:00:47"]

1. e4 c6 2. d4 d5 3. e5 c5 4. dxc5 e6 5. a3 Bxc5 6. b4 Bb6 7. Qg4 Ne7 8. Qxg7 Rg8 9. Qxh7 Qc7 10. Nf3 Nbc6 11. Bb2 Bd7 12. h4 O-O-O 13. h5 Nf5 14. Bd3 Nce7 15. h6 Rdf8 16. g4 Rxg4 17. Rg1 Rxg1+ 18. Nxg1 d4 19. Nf3 Bc6 20. Nbd2 Qd8 21. Ne4 Nd5 22. Nd6+ Nxd6 23. exd6 Qxd6 24. Qg7 Nf4 25. h7 Nxd3+ 26. cxd3 Qd8 27. Nxd4 Bxd4 28. Bxd4 f6 29. Bxf6 1-0


[Site "https://www.chess.com"]

[Event "Late Titled Tuesday Blitz February 8 2022"]
[White "Tan, Jun Ying"]
[Black "Iskusnyh, Sergei"]
[WhiteFideId "5710413"]
[BlackFideId "4120027"]
[WhiteElo "1827"]
[BlackElo "2492"]
[Result "0-1"]
[Round "09"]
[TimeControl "180+1"]
[Date "2022.02.09"]
[WhiteClock "0:00:14"]
[BlackClock "0:00:31"]

1. d4 d5 2. c4 c6 3. Nf3 Nf6 4. Nc3 dxc4 5. e4 b5 6. Be2 e6 7. O-O Bb7 8. Rb1 Qc7 9. b3 b4 10. e5 Nd5 11. Ne4 c3 12. Bg5 Nd7 13. a3 a5 14. axb4 axb4 15. Ra1 Rxa1 16. Qxa1 h6 17. Bh4 Qb6 18. Qa4 g5 19. Nfxg5 hxg5 20. Bxg5 Be7 21. Nd6+ Bxd6 22. exd6 f6 23. Bc1 Kf7 24. Qa2 c5 25. Qc2 Qxd6 26. f4 cxd4 27. Qd3 Nc5 28. Qxd4 Nxb3 29. Qa7 Qc5+ 30. Qxc5 Nxc5 31. Bc4 Nb6 32. Bb5 Ba6 33. Bxa6 Nxa6 34. Be3 Nd5 35. Bd4 Rc8 36. Ra1 Rc6 37. g3 b3 38. Ra5 b2 39. Rb5 Nab4 40. Bxc3 b1=Q+ 41. Kg2 Nxc3 42. Rb7+ Kg6 43. f5+ Qxf5 44. h4 Ne4 45. h5+ Kxh5 46. Rh7+ Qxh7 47. g4+ Kxg4 48. Kg1 Rc1+ 0-1


[Site "https://www.chess.com"]

[Event "Late Titled Tuesday Blitz February 8 2022"]
[White "Tang, Andrew"]
[Black "Ramirez, Alejandro"]
[WhiteFideId "2059630"]
[BlackFideId "6500617"]
[WhiteElo "2584"]
[BlackElo "2694"]
[Result "1-0"]
[Round "09"]
[TimeControl "180+1"]
[Date "2022.02.08"]
[WhiteClock "0:00:03"]
[BlackClock "0:00:04"]

1. d4 Nf6 2. c4 c5 3. d5 b5 4. cxb5 a6 5. e3 e6 6. Nc3 exd5 7. Nxd5 Bb7 8. Nxf6+ Qxf6 9. Nf3 Be7 10. Be2 O-O 11. O-O d5 12. a4 Rd8 13. Ra3 c4 14. Rc3 axb5 15. axb5 Bb4 16. Rc2 Nd7 17. Nd4 Ra1 18. Bf3 Ne5 19. Qe2 Bc5 20. Nb3 cxb3 21. Rxc5 Qb6 22. Rc3 d4 23. exd4 Nxf3+ 24. gxf3 Qg6+ 25. Kh1 Bd5 26. Qe5 f6 27. Qg3 Qf5 28. Re1 h5 29. h4 Kh7 30. Re7 Rg8 31. Kg2 Ra5 32. Rcc7 Qg6 33. b6 Rb5 34. b7 Rb6 35. Bf4 Rb5 36. Bd6 Rb6 37. Bc5 Rb5 38. Qxg6+ Kxg6 39. Ba7 Kf5 40. b8=Q Rgxb8 41. Bxb8 Rxb8 42. Rc5 Rd8 43. Rxg7 Kf4 44. Rg3 f5 45. Rc3 Re8 46. Rc5 Re2 47. Rxd5 Rxf2+ 48. Kh3 Rh2+ 49. Kxh2 Ke3 50. Rxf5 1-0


[Site "https://www.chess.com"]

[Event "Late Titled Tuesday Blitz February 8 2022"]
[White "Tregubov, Pavel V."]
[Black "Villegas, Pierre"]
[WhiteFideId "4115341"]
[BlackFideId "654183"]
[WhiteElo "2341"]
[BlackElo "2410"]
[Result "1-0"]
[Round "09"]
[TimeControl "180+1"]
[Date "2022.02.09"]
[WhiteClock "0:00:11"]
[BlackClock "0:00:01"]

1. e4 c6 2. Nf3 d5 3. Nc3 Bg4 4. h3 Bxf3 5. Qxf3 Nf6 6. g3 dxe4 7. Nxe4 Nxe4 8. Qxe4 Qd5 9. Bg2 e6 10. O-O Qxe4 11. Bxe4 Nd7 12. d4 Nf6 13. Bf3 O-O-O 14. Rd1 Nd5 15. c4 Nb4 16. Rd2 c5 17. d5 exd5 18. cxd5 Bd6 19. a3 Na6 20. Rc2 Kb8 21. Be3 Rhe8 22. Kg2 b6 23. Rb1 Be5 24. b4 cxb4 25. axb4 Nc7 26. Rd1 Bd6 27. Rc4 Nb5 28. h4 Rc8 29. Rdc1 Rxc4 30. Rxc4 Rc8 31. Rg4 g6 32. h5 f5 33. Rh4 Be7 34. Rh1 Bxb4 35. Rb1 a5 36. Bxb6 Nc3 37. Ra1 g5 38. Bxa5 Bxa5 39. Rxa5 g4 40. d6 gxf3+ 41. Kxf3 Rd8 42. Rxf5 Rxd6 43. Rf7 h6 44. g4 Nd5 45. Ke4 Kc8 46. Ke5 Rd8 47. Rh7 Nb4 48. Rxh6 Nd3+ 49. Kf5 Nxf2 50. Ra6 Kd7 51. h6 Ke7 52. g5 Rf8+ 53. Kg6 Ng4 54. Ra7+ Ke6 55. h7 Ne5+ 56. Kg7 Rd8 57. h8=Q Rxh8 58. Kxh8 Kf5 59. Ra5 Ke6 60. Rxe5+ Kxe5 61. g6 1-0


[Site "https://www.chess.com"]

[Event "Late Titled Tuesday Blitz February 8 2022"]
[White "Vargas Pereda, Jesus Manue"]
[Black "Clawitter, Craig"]
[WhiteFideId "5115710"]
[BlackFideId "2023105"]
[WhiteElo "1761"]
[BlackElo "2175"]
[Result "1-0"]
[Round "09"]
[TimeControl "180+1"]
[Date "2022.02.09"]
[WhiteClock "0:00:08"]
[BlackClock "0:00:02"]

1. d4 e6 2. Nf3 Nf6 3. Bf4 b6 4. e3 Bb7 5. Bd3 Be7 6. O-O Nh5 7. Be5 d6 8. Nfd2 dxe5 9. Qxh5 exd4 10. exd4 Qxd4 11. Nc3 g6 12. Qh6 Qg4 13. Be4 Nc6 14. Bf3 Qg5 15. Qxg5 Bxg5 16. Nde4 Be7 17. Rad1 f5 18. Ng3 Rd8 19. Nb5 Rd7 20. Ne2 a6 21. Nbd4 Nxd4 22. Nxd4 Bxf3 23. Nxf3 Bf6 24. Rxd7 Kxd7 25. Rd1+ Ke7 26. b3 Rd8 27. Re1 Rd5 28. h3 Kd6 29. c4 Ra5 30. Rd1+ Ke7 31. a4 e5 32. Nd2 b5 33. cxb5 axb5 34. axb5 Rxb5 35. Ra1 e4 36. Ra7 Be5 37. Kf1 Rc5 38. Ke2 Rc2 39. Kd1 Rb2 40. Kc1 Rxd2 41. Kxd2 f4 42. b4 Kd6 43. b5 Bd4 44. Ra6+ Bb6 45. f3 1-0


[Site "https://www.chess.com"]

[Event "Late Titled Tuesday Blitz February 8 2022"]
[White "Velikanov, Alexander"]
[Black "Kobalia, Mikhail"]
[WhiteFideId "2039290"]
[BlackFideId "4119150"]
[WhiteElo "2259"]
[BlackElo "2667"]
[Result "1-0"]
[Round "09"]
[TimeControl "180+1"]
[Date "2022.02.08"]
[WhiteClock "0:00:27"]
[BlackClock "0:00:07"]

1. g3 d5 2. Bg2 c6 3. d3 e5 4. Nf3 Bd6 5. O-O Nf6 6. c4 O-O 7. Nfd2 Be6 8. Nc3 Nbd7 9. Rb1 Re8 10. b4 Rc8 11. b5 Nc5 12. bxc6 bxc6 13. cxd5 cxd5 14. Nb5 Bb8 15. d4 Nce4 16. Nxe4 Nxe4 17. dxe5 Bxe5 18. Bb2 Qf6 19. Bxe5 Qxe5 20. Qd4 Qxd4 21. Nxd4 Nd2 22. Rb7 Nxf1 23. Bxf1 a5 24. f4 Rb8 25. Ra7 Ra8 26. Rc7 Rec8 27. Rb7 g6 28. Kf2 Rc4 29. Nxe6 fxe6 30. Re7 Ra4 31. Bh3 Rd8 32. Bxe6+ Kh8 33. h4 Rxa2 34. Kf3 a4 35. e4 Ra3+ 36. Kg4 dxe4 37. Kg5 Rd6 38. Re8+ 1-0


[Site "https://www.chess.com"]

[Event "Late Titled Tuesday Blitz February 8 2022"]
[White "Wan, Joseph"]
[Black "Solon, Nathan"]
[WhiteFideId "2069890"]
[BlackFideId "2017229"]
[WhiteElo "2698"]
[BlackElo "2569"]
[Result "1-0"]
[Round "09"]
[TimeControl "180+1"]
[Date "2022.02.09"]
[WhiteClock "0:00:50"]
[BlackClock "0:00:37"]

1. d4 d5 2. Bf4 c5 3. e3 Nc6 4. Nf3 Bf5 5. Bb5 e6 6. Ne5 Rc8 7. O-O Ne7 8. dxc5 f6 9. Nxc6 Nxc6 10. b4 e5 11. Bg3 Kf7 12. c3 h5 13. h3 h4 14. Bh2 Be7 15. Nd2 g5 16. Qf3 Qd7 17. e4 dxe4 18. Nxe4 g4 19. hxg4 Bxg4 20. Qe3 h3 21. g3 Kg7 22. f3 Be6 23. Rad1 Qe8 24. f4 Qg6 25. Bd3 f5 26. Ng5 Bxg5 27. fxg5 e4 28. Be2 Rhd8 29. Rd6 Rxd6 30. cxd6 Ne5 31. Qd4 1-0


[Site "https://www.chess.com"]

[Event "Late Titled Tuesday Blitz February 8 2022"]
[White "Wu, Christopher"]
[Black "Wachinger, Guenther"]
[WhiteFideId "2040875"]
[BlackFideId "4604261"]
[WhiteElo "2661"]
[BlackElo "2212"]
[Result "1-0"]
[Round "09"]
[TimeControl "180+1"]
[Date "2022.02.09"]
[WhiteClock "0:00:27"]
[BlackClock "0:00:32"]

1. d4 Nf6 2. c4 c5 3. d5 b5 4. cxb5 a6 5. Nc3 axb5 6. e4 b4 7. Nb5 d6 8. Bd3 g6 9. b3 Bg7 10. Bb2 O-O 11. Qe2 Nbd7 12. Nf3 Ba6 13. O-O Bxb5 14. Bxb5 Ng4 15. Bxg7 Kxg7 16. Nd2 Ngf6 17. f4 Ra5 18. Bd3 Qa8 19. Nc4 Ra7 20. g4 Rb8 21. g5 Ne8 22. h4 Nb6 23. f5 Nxc4 24. Bxc4 Qb7 25. e5 Qc7 26. fxg6 hxg6 27. Qf3 f6 28. exf6+ exf6 29. gxf6+ Kf7 30. Rae1 Qd8 31. Re6 Rbb7 32. h5 gxh5 33. Qxh5+ Kg8 34. Rxe8+ Qxe8 35. Qxe8+ Kh7 36. Bd3+ Kh6 37. Qg6# 1-0


[Site "https://www.chess.com"]